 Dungeon Crawl Stone Soup version 0.29.1-12-g30fa7ad0bf (webtiles) character file.

Game seed: 16063530287368982278

4149 mopl the Covert (level 10, -3/60 HPs)
             Began as an Octopode Brigand on Dec 28, 2022.
             Was a Follower of Ashenzari.
             Slain by a vampire mosquito (5 damage)
             ... on level 9 of the Dungeon on Dec 29, 2022.
             The game lasted 00:15:30 (7804 turns).

mopl the Covert (Octopode Brigand)                  Turns: 7804, Time: 00:15:31

Health: -3/60      AC:  5    Str: 10    XL:     10   Next: 27%
Magic:  10/10      EV: 15    Int: 24    God:    Ashenzari [*.....]
Gold:   242        SH:  5    Dex: 14    Spells: 9/9 levels left

rFire   . . .      SeeInvis .   a - +0 dagger (drain)
rCold   + . .      Faith    .   l - +0 buckler
rNeg    . . .      Spirit   .   (helmet restricted)
rPois   .          Reflect  .   (no amulet)
rElec   .          Harm     .   d - ring "Bound Omen" {AC+4, Range, Bglg} (curse)
rCorr   .          Rampage  .   n - ring "Shattered Activism" {Will+, Melee, Alch} (curse)
Will    +....                   D - ring of protection from cold
Stlth   ++++++....              E - +6 ring of intelligence
HPRegen 0.20/turn               (no ring)
MPRegen 0.12/turn               (no ring)
                                (no ring)
                                (no ring)

@: no status effects
A: almost no armour, amphibious, 8 rings, camouflage 1, gelatinous body 1,
(nimble swimmer 1), tentacles
a: Renounce Religion, Shatter the Chains


You were on level 9 of the Dungeon.
You worshipped Ashenzari.
Ashenzari was aware of your devotion.
You visited 2 branches of the dungeon, and saw 10 of its levels.

You collected 458 gold pieces.
You spent 216 gold pieces at shops.

Inventory:

Hand Weapons
 a - a +0 dagger of draining (weapon)
 e - a +2 dagger
 I - a +0 rapier of draining
Missiles
 b - 28 poisoned darts (quivered)
 c - 4 curare-tipped darts
 k - a throwing net
 F - 2 javelins
 J - 6 boomerangs
Armour
 l - a +0 buckler (worn)
Jewellery
 d - the cursed ring "Bound Omen" (left tentacle) {AC+4, Range, Bglg}
   (You found it on level 1 of the Dungeon)

   [ring of protection]

   AC:        It affects your AC (+4).
   It has a curse which improves the following skills: Ranged Combat: Ranged
   Weapons and Throwing.
   Beguiling: Conjurations, Hexes and Translocations.
 n - the cursed ring "Shattered Activism" (right tentacle) {Will+, Melee, Alch}
   (You found it on level 2 of the Dungeon)

   [ring of willpower]

   Will:      It increases your willpower.
   It has a curse which improves the following skills: Melee Combat: Short
   Blades, Long Blades, Axes, Maces & Flails, Polearms, Staves and Unarmed
   Combat.
   Alchemy:   Poison Magic and Transmutations.
 D - a ring of protection from cold (on tentacle)
 E - a +6 ring of intelligence (on tentacle)
Wands
 h - a wand of roots (6)
 m - a wand of polymorph (7)
 v - a wand of mindburst (12)
Scrolls
 f - 7 scrolls of teleportation
 g - 3 scrolls of vulnerability
 i - a scroll of immolation
 o - 5 scrolls of enchant weapon
 q - 3 scrolls of enchant armour
 r - a scroll of blinking
 u - a scroll of silence {!r}
 y - a scroll of brand weapon
 C - a scroll of fear
Potions
 j - 4 potions of curing
 p - 4 potions of might
 s - 2 potions of attraction
 w - a potion of resistance
 x - a potion of berserk rage {!q}
 z - 2 potions of lignification {!q}
 A - a potion of haste
 B - a potion of magic
 G - 3 potions of brilliance


   Skills:
 - Level 2.0 Fighting
 + Level 7.0(7.9) Short Blades
 + Level 7.0(7.9) Throwing
 + Level 6.8 Dodging
 + Level 11.0 Stealth
 - Level 4.0 Shields
 + Level 3.5 Evocations


You had 9 spell levels left.
You didn't know any spells.
Your spell library contained the following spells:

 Spells                   Type           Power      Damage    Failure   Level
 Ozocubu's Armour         Ice            0%         N/A       50%         3
 Olgreb's Toxic Radiance  Pois           0%         N/A       87%         4
 Ozocubu's Refrigeration  Ice            0%         4d7       100%        7
 Ignition                 Fire           0%         3d3       100%        8


Dungeon Overview and Level Annotations

Branches:
Dungeon (9/15)             Temple (1/1) D:6
   Lair: D:8-11         Orc: D:9-12

Altars:
Ashenzari
Cheibriados
Dithmenos
Elyvilon
Fedhas
Gozag
Hepliaklqana
Kikubaaqudgha
Makhleb
Nemelex Xobeh
Okawaru
Qazlal
Sif Muna
Trog
Uskayaw
Vehumet
Wu Jian
Xom
Yredelemnul
Zin
The Shining One

Shops:
D:1 *(!![   D:3 ?

Annotations:
D:7 exclusion: two-headed ogre


Innate Abilities, Weirdness & Mutations

You cannot wear most types of armour.
You are amphibious.
You can wear up to eight rings at the same time.
Your skin changes colour to match your surroundings (Stealth+).
Your rubbery body absorbs attacks. (AC +1, EV +1)
((You are camouflaged when in or above water. (Stealth+)))
You have tentacles for arms and can constrict up to eight enemies at once.


Message History

Aim: a vampire mosquito (chance to affect: 58%)
The vampire mosquito resists with significant effort.
The vampire mosquito bites you!
* * * LOW HITPOINT WARNING * * *
The vampire mosquito draws strength from your injuries!
You block the vampire mosquito's attack.
You closely miss the vampire mosquito. Your grab misses the vampire mosquito.
The vampire mosquito barely misses you.
Aiming: Paralyse
Press: ? - help, Shift-Dir - straight line, f/p - vampire mosquito
Aim: a vampire mosquito (chance to affect: 58%)
The vampire mosquito resists with significant effort.
The vampire mosquito barely misses you. x2
Aiming: Paralyse
Press: ? - help, Shift-Dir - straight line, f/p - vampire mosquito
Aim: a vampire mosquito (chance to affect: 58%)
The vampire mosquito resists with significant effort.
The vampire mosquito bites you!
* * * LOW HITPOINT WARNING * * *
The vampire mosquito draws strength from your injuries!
The vampire mosquito misses you.
You sense an unholy aura.
a - a +0 dagger of draining (weapon)
The vampire mosquito misses you.
Aiming: Paralyse
Press: ? - help, Shift-Dir - straight line, f/p - vampire mosquito
Aim: a vampire mosquito (chance to affect: 58%)
The vampire mosquito suddenly stops moving!
Unknown command.
The helpless vampire mosquito fails to defend itself.
You skewer the vampire mosquito like a kebab!!!
You destroy the vampire mosquito!
Your Short Blades skill increases to level 7!
Your Stealth skill increases to level 11!
Aiming: Paralyse
Press: ? - help, Shift-Dir - straight line, f - vampire mosquito
Aim: a vampire mosquito (chance to affect: 58%)
The vampire mosquito resists with significant effort.
The now-empty wand crumbles to dust.
The vampire mosquito bites you.
You die...

#. #.# #.# #.#
#######.##
#........##########
#.........y@.......
#........##########
#......<.#
#.....†..#
#....$...#
######.### .. ..#
###


You could see a vampire mosquito.

Vanquished Creatures
  Grinder (D:5)
  Prince Ribbit (D:5)
  5 yaks
  A vampire mosquito (D:9)
  A water moccasin (D:6)
  An ice beast (D:7)
  2 orc warriors (D:7)
  A sky beast (D:8)
  A black bear (D:7)
  2 ogres (D:4)
  A phantom (D:6)
  A kobold brigand (D:7)
  7 necrophages
  4 scorpions
  A bullfrog (D:7)
  3 wights (D:6)
  4 howler monkeys
  6 hounds
  A gnoll bouda (D:4)
  6 jellies
  2 orc priests (D:8)
  Crazy Yiuf (D:4)
  4 iguanas
  Natasha (thrice) (D:2)
  An orc wizard (D:7)
  10 gnolls
  10 adders
  3 shadow imps
  A white imp (D:7)
  2 worms
  2 dart slugs
  9 orcs
  5 endoplasms
  2 giant cockroaches
  5 goblins
  4 hobgoblins
  14 jackals
  4 quokkas
  11 ball pythons
  7 bats
  4 frilled lizards
  7 kobolds
  6 rats
167 creatures vanquished.

Vanquished Creatures (others)
  A plant (D:7)
1 creature vanquished.

Grand Total: 168 creatures vanquished

Notes
Turn   | Place    | Note
-------+----------+-------------------------------------------
     0 | D:1      | mopl the Octopode Brigand began the quest for the Orb.
     0 | D:1      | Reached XP level 1. HP: 14/14 MP: 1/1
   104 | D:1      | Found Tinediud's Armour Boutique.
   114 | D:1      | Reached XP level 2. HP: 19/19 MP: 2/2
   371 | D:1      | Found Xolisan's Assorted Antiques.
   397 | D:1      | Bought a coppery potion for 18 gold pieces
   397 | D:1      | Bought a scroll labelled AKHEISHR DELI for 21 gold pieces
   397 | D:1      | Bought a scroll labelled AKHEISHR DELI for 21 gold pieces
   487 | D:1      | Found Cadar's Distillery.
   516 | D:1      | Reached XP level 3. HP: 24/24 MP: 3/3
   601 | D:1      | Found Fawniwot's Distillery.
   610 | D:1      | Bought a potion of degeneration for 13 gold pieces
   636 | D:1      | Found a faded altar of an unknown god.
   737 | D:1      | Found Padu Ler's Weapon Boutique.
   888 | D:2      | Noticed Natasha
   903 | D:2      | Killed Natasha
   904 | D:2      | Reached skill level 2 in Dodging
   904 | D:2      | Reached skill level 6 in Stealth
   904 | D:2      | Reached XP level 4. HP: 18/29 MP: 4/4
  1328 | D:2      | Noticed Natasha
  1337 | D:2      | Killed Natasha
  1523 | D:3      | Reached skill level 3 in Throwing
  1523 | D:3      | Reached XP level 5. HP: 34/34 MP: 5/5
  1535 | D:3      | Reached skill level 3 in Short Blades
  1641 | D:2      | Noticed Natasha
  1650 | D:2      | Killed Natasha
  1651 | D:2      | Reached skill level 1 in Shields
  2336 | D:3      | Found Duzy's Magic Scroll Shop.
  2595 | D:4      | Reached XP level 6. HP: 39/39 MP: 6/6
  2788 | D:4      | Found a glowing silver altar of Zin.
  2950 | D:4      | Reached skill level 3 in Dodging
  2995 | D:4      | Reached skill level 7 in Stealth
  2995 | D:4      | Reached skill level 2 in Shields
  3037 | D:4      | Reached XP level 7. HP: 45/45 MP: 7/7
  3179 | D:4      | Found a runed translucent door.
  3180 | D:4      | Noticed Crazy Yiuf
  3187 | D:4      | Killed Crazy Yiuf
  3288 | D:4      | Reached skill level 4 in Throwing
  3394 | D:4      | Reached skill level 4 in Short Blades
  3617 | D:1      | Bought a potion of curing for 39 gold pieces
  3617 | D:1      | Bought a potion of lignification for 39 gold pieces
  3617 | D:1      | Bought a potion of berserk rage for 65 gold pieces
  3697 | D:5      | Entered Level 5 of the Dungeon
  3697 | D:5      | Noticed Grinder
  3707 | D:5      | Killed Grinder
  3708 | D:5      | Reached skill level 3 in Shields
  3717 | D:5      | Reached skill level 4 in Dodging
  3717 | D:5      | Reached XP level 8. HP: 45/50 MP: 8/8
  3786 | D:5      | Reached skill level 8 in Stealth
  3862 | D:5      | Noticed Prince Ribbit
  3866 | D:5      | Killed Prince Ribbit
  4093 | D:5      | Reached skill level 5 in Throwing
  4153 | D:5      | Reached skill level 5 in Short Blades
  4153 | D:5      | Reached skill level 4 in Shields
  4367 | D:6      | Reached skill level 5 in Dodging
  4410 | D:6      | Reached skill level 9 in Stealth
  4410 | D:6      | Reached XP level 9. HP: 53/54 MP: 9/9
  4450 | D:6      | Found a staircase to the Ecumenical Temple.
  4459 | Temple   | Entered the Ecumenical Temple
  4690 | D:6      | Found an ancient bone altar of Kikubaaqudgha.
  4784 | D:6      | HP: 1/81 [acid (9)]
  5135 | D:6      | Found a white marble altar of Elyvilon.
  5136 | D:6      | Found a bloodstained altar of Trog.
  5137 | D:6      | Found a shimmering altar of Xom.
  5137 | D:6      | Found a broken altar of Ashenzari.
  5152 | D:6      | Found a shimmering blue altar of Sif Muna.
  5237 | D:6      | Reached skill level 6 in Throwing
  5241 | D:6      | Found a stormy altar of Qazlal.
  5263 | D:6      | Reached skill level 6 in Short Blades
  5474 | D:6      | Became a worshipper of Ashenzari the Shackled
  5517 | D:7      | Found an opulent altar of Gozag.
  5588 | D:7      | Noticed a two-headed ogre
  5672 | D:7      | Found a hazy altar of Hepliaklqana.
  5702 | D:7      | Reached skill level 10 in Stealth
  5702 | D:7      | Reached skill level 1 in Evocations
  5741 | D:7      | Reached skill level 6 in Dodging
  6261 | D:7      | Reached skill level 2 in Evocations
  6268 | D:7      | Found a shadowy altar of Dithmenos.
  6737 | D:8      | Reached * piety under Ashenzari
  6906 | D:7      | Reached XP level 10. HP: 12/60 MP: 10/10
  7415 | D:8      | Reached skill level 3 in Evocations
  7792 | D:9      | Reached skill level 7 in Throwing
  7800 | D:9      | HP: 2/60 [vampire mosquito (9)]
  7804 | D:9      | Reached skill level 7 in Short Blades
  7804 | D:9      | Reached skill level 11 in Stealth
  7804 | D:9      | Slain by a vampire mosquito

Illustrated notes

Levels and vault maps discovered:
D:1:      evilmike_arrival_hilbert_curve, layout_loops_corners, serial_shops,
          shop, nicolae_shop_behind_doors, shop, nicolae_shop_trees,
          nicolae_diamond_shop, shapermc_ecumenical_altar_mp_ritualfount
D:2:      layout_basic, minmay_close_crescents, uniq_natasha
D:3:      layout_rooms, serial_shops, nicolae_shop_hallway_plus
D:4:      layout_basic, mainiacjoe_overflow_alcove_4, uniq_crazy_yiuf_cottage
D:5:      layout_loops_cross, uniq_grinder, uniq_prince_ribbit1
D:6:      layout_loops_ring, mainiacjoe_overflow_small_starburst,
          mainiacjoe_overflow_24_doors, nicolae_sif_muna_little_library,
          chequers_temple_overflow_statue_of_worship,
          minmay_temple_entry_overgrown, kennysheep_generic_room_4
D:7:      layout_loops_corners, nicolae_gozag_seed_capital,
          nicolae_hepliaklqana_hazy_memory, grunt_dithmenos_smoke_and_mirrors
D:8:      layout_rooms, uniq_joseph
D:9:      layout_roguey, mainiacjoe_overflow_surrounded_room, orc_0_dummy,
          hangedman_decor_points, kennysheep_windowed_goal, uniq_amaemon
Temple:   hellmonk_temple_micro_hex

Skill      XL: |  1  2  3  4  5  6  7  8  9 10 |
---------------+-------------------------------+-----
Dodging        | 2 3 4 5 6 |  6.8
Stealth        | 6 7 9 10 11 | 11.0
Throwing       | 3 4 5 6 7 |  7.0
Short Blades   | 3 4 5 6 7 |  7.0
Shields        | 1 2 3 4 |  4.0
Evocations     | 2 3 |  3.5
Fighting       | |  2.0

Action                   |  1- 3 |  4- 6 |  7- 9 | 10-12 || total
-------------------------+-------+-------+-------+-------++-------
Melee: Dagger            |    60 |    97 |   219 |     1 ||   377
       Constrict         |    15 |    16 |    40 |     3 ||    74
       Tentacles         |    12 |    15 |    71 |    12 ||   110
       Punch             |       |     1 |     4 |     3 ||     8
       Rapier            |       |       |    25 |    54 ||    79
Throw: Dart              |       |    18 |       |     1 ||    19
Invok: Curse Item        |       |       |     2 |       ||     2
Evoke: Wand              |       |       |    24 |     8 ||    32
  Use: Potion            |       |       |     1 |     2 ||     3
 Stab: Sleeping          |    11 |    12 |    19 |       ||    42
       Distracted        |       |     4 |       |     1 ||     5
       Paralysed         |       |       |       |     2 ||     2
Armor: Skin              |    16 |    15 |    23 |     9 ||    63
Dodge: Dodged            |    26 |    44 |    97 |    44 ||   211
Block: Buckler           |       |     8 |    45 |    14 ||    67
